 Dungeon Crawl Stone Soup version 0.18.1-5-g4a78601 (webtiles) character file.

10451 Mefis the Thaumaturge (level 11, -6/54 HPs)
             Began as a Deep Elf Wizard on May 14, 2016.
             Was the Champion of Sif Muna.
             Mangled by a six-headed hydra (7 damage)
             ... on level 11 of the Dungeon on May 15, 2016.
             The game lasted 01:06:39 (16917 turns).

Mefis the Thaumaturge (Deep Elf Wizard)            Turns: 16917, Time: 01:06:40

Health: -6/54      AC:  6    Str:  4    XL:     11   Next: 36%
Magic:  22/27      EV: 16    Int: 30    God:    Sif Muna [******]
Gold:   421        SH:  0    Dex: 13    Spells: 9 memorised, 5 levels left

rFire  + . .     SeeInvis .     b - +0 rod of inaccuracy (0/9)
rCold  . . .     Gourm    .     P - +2 robe {rF+}
rNeg   . . .     Faith    .     (no shield)
rPois  .         Spirit   .     T - +0 hat
rElec  .         Dismiss  .     u - +0 cloak
rCorr  .         Reflect  .     q - +0 pair of gloves
SustAt .         Harm     .     (no boots)
MR     +....     Clarity  +     p - amulet of magic regeneration
Stlth  +++++.....               O - +3 ring of intelligence
                                K - ring of stealth

@: somewhat resistant to hostile enchantments, quite stealthy
A: clarity
a: Channel Energy, Forget Spell, Renounce Religion


You were on level 11 of the Dungeon.
You worshipped Sif Muna.
Sif Muna was exalted by your worship.
You were not hungry.

You visited 3 branches of the dungeon, and saw 14 of its levels.
You also visited: Ice Cave.

You collected 720 gold pieces.
You spent 299 gold pieces at shops.

Inventory:

Hand Weapons
 a - a +1 rapier of protection
 t - a +0 blowgun
Missiles
 m - 100 poisoned needles
 U - 6 curare-tipped needles
Armour
 q - a +0 pair of gloves (worn)
 u - a +0 cloak (worn)
 P - a +2 robe of fire resistance (worn)
 T - a +0 hat (worn)
Rods
 b - a +0 rod of inaccuracy (0/9) (in hand)
   (You found it on level 6 of the Dungeon)
Jewellery
 j - an uncursed ring of stealth
 l - an uncursed ring of stealth
 p - an amulet of magic regeneration (around neck)
 B - a cursed amulet of inaccuracy {unknown}
 K - a ring of stealth (left hand)
 L - an uncursed ring of flight
 O - a +3 ring of intelligence (right hand)
Wands
 g - a wand of flame (26/48)
 w - a wand of flame (26/48)
Scrolls
 e - 5 scrolls of remove curse
 k - a scroll of amnesia
 y - a scroll of identify
Potions
 i - 3 potions of might
 n - a potion of lignification {unknown}
 s - 2 potions of brilliance
 z - a potion of cure mutation {unknown}
 A - 2 potions of magic {unknown}
 E - 2 potions of curing
Books
 c - a book of Minor Magic

   Spells                             Type                      Level
   a - Magic Dart                     Conjuration                  1
   b - Blink                          Translocation                2
   c - Call Imp                       Summoning                    2
   d - Repel Missiles                 Charms/Air                   2
   e - Slow                           Hexes                        2
   f - Conjure Flame                  Conjuration/Fire             3
   g - Mephitic Cloud                 Conjuration/Poison/Air       3
 d - a book of Party Tricks

   Spells                             Type                      Level
   a - Summon Butterflies             Summoning                    1
   b - Apportation                    Translocation                1
   c - Tukima's Dance                 Hexes                        3
   d - Alistair's Intoxication        Transmutation/Poison         5
   e - Invisibility                   Hexes                        6
 x - a book of Cantrips

   Spells                             Type                      Level
   a - Corona                         Hexes                        1
   b - Animate Skeleton               Necromancy                   1
   c - Summon Small Mammal            Summoning                    1
   d - Apportation                    Translocation                1
 M - Sif Muna's Guide on Calling
   (You found it on level 3 of the Dungeon)

   Spells                             Type                      Level
   a - Summon Butterflies             Summoning                    1
Miscellaneous
 r - a sack of spiders
Comestibles
 h - 2 beef jerkies
 v - a slice of pizza
 C - a meat ration
 V - 6 fruits
 Z - 3 bread rations


   Skills:
 + Level 8.7 Dodging
 + Level 8.7 Stealth
 + Level 10.0 Spellcasting
 - Level 7.1 Conjurations
 * Level 8.8 Hexes
 - Level 6.2 Summonings
 - Level 1.1 Translocations
 - Level 5.6 Fire Magic
 + Level 6.9 Poison Magic


You had 5 spell levels left.
You knew the following spells:

 Your Spells              Type           Power        Failure   Level  Hunger
a - Magic Dart            Conj           ####         1%          1    None
b - Summon Butterflies    Summ           ######..     1%          1    None
c - Blink                 Tloc           N/A          3%          2    None
d - Repel Missiles        Chrm/Air       ###...       6%          2    None
e - Mephitic Cloud        Conj/Pois/Air  #####...     1%          3    None
f - Conjure Flame         Conj/Fire      ######..     1%          3    None
g - Slow                  Hex            ######..     1%          2    None
q - Alistair's Intoxicat  Trmt/Pois      #####...     28%         5    ###....
v - Invisibility          Hex            ######..     17%         6    #####..


Dungeon Overview and Level Annotations

Branches:
Dungeon (12/15)            Temple (1/1) D:7            Lair (1/8) D:9
    Orc (0/2) D:10

Altars:
Ashenzari
Cheibriados
Dithmenos
Elyvilon
Fedhas
Gozag
Kikubaaqudgha
Makhleb
Nemelex Xobeh
Okawaru
Pakellas
Qazlal
Ru
Sif Muna
Trog
Vehumet
Xom
Yredelemnul
Zin
The Shining One

Shops:
D:4 %   D:5 =   D:9 (   D:10 [   D:12 %

Portals:
Bazaar: D:12
Trove: D:10 (give +3 gold dragon armour)

Annotations:
D:3 fly to book
D:11 Harold
D:12 exclusion: obsidian statue, Maurice


Innate Abilities, Weirdness & Mutations

You possess an exceptional clarity of mind.


Message History

Your butterfly dies!
The six-headed hydra bites your butterfly.
Your butterfly dies!
The six-headed hydra barely misses your butterfly.
The six-headed hydra bites your butterfly.
Your butterfly dies!
The six-headed hydra bites your butterfly.
Your butterfly dies!
Casting: Summon Butterflies
Confirm with . or Enter, or press ? or * to list all spells.
You swap places.
The mottled dragon barely misses your butterfly.
The mottled dragon misses your butterfly.
The orc warrior completely misses your butterfly.
The six-headed hydra bites you.
* * * LOW HITPOINT WARNING * * *
The six-headed hydra bites you.
* * * LOW HITPOINT WARNING * * *
The six-headed hydra bites you!
You die...

#.# #.# #.# ## #. #.#
..###.# #.## #.(...#
#..## #....# #..b##
#....## ##..>.## ###
#.....####.....@###.#
#............bDbb..##
#............b.b.###
#...(..####....ob#
##...#### ####..D#
#...## ##..# ...##
##.# ...# #.# ..##
##.#


You could see a six-headed hydra, an orc warrior and a mottled dragon.

Vanquished Creatures
  Josephine (D:12)
  Pikel (D:6)
  A hill giant (D:10)
  A cyclops (D:11)
  2 ugly things (D:11)
  A gargoyle (D:10)
  Prince Ribbit (D:5)
  3 wraiths
  5 yaks
  A basilisk (D:11)
  2 hippogriffs
  Edmund (D:5)
  Duvessa (D:6)
  A water moccasin (D:7)
  2 orc warriors (D:6)
  2 black bears
  2 ice beasts
  5 sky beasts
  A slave (D:6)
  2 centaurs
  4 ogres
  3 phantoms
  A crocodile (D:9)
  3 big kobolds
  4 giant frogs
  An elf zombie (D:7)
  A gnoll sergeant (D:10)
  An elf skeleton (D:7)
  A wyvern skeleton (D:6)
  3 scorpions
  Dowan (D:6)
  12 killer bees
  A wight (D:7)
  5 howler monkeys
  6 crimson imps
  3 human zombies (D:7)
  A quasit (D:8)
  4 hounds
  2 jellies
  A giant frog skeleton (D:12)
  6 orc priests
  10 orc wizards
  3 centaur skeletons
  3 centaur zombies
  5 iguanas
  A human skeleton (D:7)
  Jessica (D:2)
  Terence (D:3)
  7 worker ants
  2 killer bee zombies
  An ogre zombie (D:7)
  2 mummies (D:7)
  A howler monkey zombie (D:6)
  4 gnolls (D:10)
  A river rat (D:9)
  21 adders
  A shadow imp (D:6)
  2 oozes
  2 adder skeletons
  3 worms
  3 giant geckos
  59 orcs
  6 giant cockroaches
  5 hobgoblins
  4 jackals (D:7)
  5 quokkas
  2 ball pythons
  16 bats
  A giant cockroach zombie (D:5)
  A giant gecko zombie (D:8)
  A giant newt (D:2)
  10 goblins
  A goblin skeleton (D:5)
  A goblin zombie (D:5)
  4 hobgoblin zombies (D:5)
  A jackal skeleton (D:8)
  24 kobolds
  2 kobold skeletons (D:5)
  A kobold zombie (D:5)
  4 orc skeletons
  2 orc zombies (D:5)
  3 quokka skeletons
  3 rats (D:2)
330 creatures vanquished.

Vanquished Creatures (collateral kills)
  A killer bee (D:7)
  An adder (D:2)
  A worm (D:3)
3 creatures vanquished.

Vanquished Creatures (others)
  3 white imps (IceCv)
  An ufetubus (IceCv)
  A plant (D:11)
5 creatures vanquished.

Grand Total: 338 creatures vanquished

Notes
Turn   | Place    | Note
--------------------------------------------------------------
     0 | D:1      | Mefis the Deep Elf Wizard began the quest for the Orb.
     0 | D:1      | Reached XP level 1. HP: 10/10 MP: 7/7
   233 | D:1      | Reached XP level 2. HP: 15/15 MP: 4/9
   237 | D:1      | Learned a level 2 spell: Call Imp
   240 | D:1      | Learned a level 2 spell: Blink
   243 | D:1      | Learned a level 2 spell: Repel Missiles
  1673 | D:2      | Reached XP level 3. HP: 17/19 MP: 8/11
  1845 | D:2      | Noticed Jessica
  1849 | D:2      | Killed Jessica
  2307 | D:2      | Reached XP level 4. HP: 24/24 MP: 7/12
  2335 | D:2      | Learned a level 3 spell: Mephitic Cloud
  3171 | D:3      | Reached skill level 5 in Spellcasting
  3384 | D:3      | Reached XP level 5. HP: 28/28 MP: 10/14
  3389 | D:3      | Learned a level 3 spell: Conjure Flame
  3477 | D:3      | Noticed Terence
  3500 | D:3      | Killed Terence
  3630 | D:3      | Found a snail-covered altar of Cheibriados.
  3859 | D:3      | Found an iron altar of Okawaru.
  3921 | D:3      | Found a deep blue altar of Sif Muna.
  3926 | D:3      | Became a worshipper of Sif Muna the Loreminder
  3939 | D:3      | Reached skill level 1 in Poison Magic
  4186 | D:4      | Reached skill level 1 in Fire Magic
  4186 | D:4      | Reached XP level 6. HP: 29/32 MP: 5/15
  4515 | D:4      | Found a sparkling altar of Nemelex Xobeh.
  4693 | D:4      | Found Fuevyevo's Food Shop.
  5178 | D:4      | Reached * piety under Sif Muna
  5178 | D:4      | Reached XP level 7. HP: 36/36 MP: 12/17
  5459 | D:5      | Entered Level 5 of the Dungeon
  5513 | D:5      | Learned a level 2 spell: Slow
  5574 | D:5      | Found Kusch's Jewellery Boutique.
  5582 | D:5      | Bought an uncursed ring of flight for 227 gold pieces
  5732 | D:3      | Identified Sif Muna's Guide on Calling
  5735 | D:3      | Learned a level 1 spell: Summon Butterflies
  5767 | D:5      | Noticed Prince Ribbit
  5776 | D:5      | Killed Prince Ribbit
  5776 | D:5      | Reached skill level 1 in Hexes
  5838 | D:5      | Found a snail-covered altar of Cheibriados.
  5851 | D:5      | Reached skill level 6 in Spellcasting
  5851 | D:5      | Reached skill level 5 in Conjurations
  5858 | D:5      | Gained mutation: You possess an exceptional clarity of mind. [mutagenic meat]
  5859 | D:5      | Gained mutation: Your body sometimes deteriorates upon taking damage. [mutagenic meat]
  5860 | D:5      | Lost mutation: Your body sometimes deteriorates upon taking damage. [mutagenic meat]
  6147 | D:5      | Found a glowing golden altar of the Shining One.
  6298 | D:5      | Reached XP level 8. HP: 41/41 MP: 11/19
  6577 | D:6      | Noticed Edmund
  6657 | D:5      | Killed Edmund
  6657 | D:5      | Reached ** piety under Sif Muna
  6657 | D:5      | Reached skill level 5 in Dodging
  6872 | D:6      | Noticed Duvessa
  6872 | D:6      | Noticed Dowan
  6877 | D:6      | Killed Dowan
  6913 | D:6      | Killed Duvessa
  6913 | D:6      | Reached skill level 5 in Stealth
  7144 | D:6      | Noticed Pikel
  7248 | D:6      | Killed Pikel
  7509 | D:6      | Found a sacrificial altar of Ru.
  7536 | D:6      | Identified a +0 rod of inaccuracy (9/9) (You found it on level 6 of the Dungeon)
  7599 | D:6      | Reached XP level 9. HP: 35/45 MP: 14/21
  7855 | D:6      | Reached *** piety under Sif Muna
  7855 | D:6      | Reached skill level 7 in Spellcasting
  8204 | D:6      | Reached skill level 5 in Summonings
  9190 | D:7      | Found a staircase to the Ecumenical Temple.
  9209 | Temple   | Entered the Ecumenical Temple
  9557 | D:7      | Found a shimmering altar of Xom.
  9579 | D:7      | Reached **** piety under Sif Muna
  9985 | D:7      | Reached skill level 8 in Spellcasting
 10003 | D:7      | Reached skill level 5 in Fire Magic
 10306 | D:7      | Reached skill level 5 in Hexes
 10425 | D:7      | Reached XP level 10. HP: 49/50 MP: 8/24
 10713 | D:7      | Reached ***** piety under Sif Muna
 10765 | D:7      | Found a basalt altar of Yredelemnul.
 10813 | D:8      | Reached skill level 5 in Poison Magic
 13197 | D:9      | Found a staircase to the Lair.
 13265 | Lair:1   | Entered Level 1 of the Lair of Beasts
 13331 | D:9      | Learned a level 6 spell: Invisibility
 13337 | D:9      | Learned a level 5 spell: Alistair's Intoxication
 13345 | D:9      | Found Engit's Weapon Shoppe.
 13656 | D:10     | Entered Level 10 of the Dungeon
 13898 | D:10     | Noticed a hill giant
 14165 | D:10     | Found Qurohue's Armour Shoppe.
 14169 | D:10     | Bought a +0 cloak for 72 gold pieces
 14204 | D:10     | Reached skill level 9 in Spellcasting
 14336 | D:10     | Noticed a gargoyle
 14377 | D:10     | Killed a gargoyle
 14751 | D:10     | Found a portal to a secret trove of treasure.
 14862 | D:10     | Killed a hill giant
 15028 | D:10     | Found a staircase to the Orcish Mines.
 15192 | D:11     | Reached XP level 11. HP: 54/54 MP: 13/26
 15261 | D:11     | Noticed a cyan ugly thing
 15279 | D:11     | Killed a cyan ugly thing
 15738 | D:11     | Noticed a green ugly thing
 15769 | D:11     | Killed a green ugly thing
 15873 | D:12     | Found Iruaxtud's Food Shop.
 15967 | D:12     | Noticed Josephine
 15982 | D:12     | Killed Josephine
 16043 | D:12     | Reached ****** piety under Sif Muna
 16043 | D:12     | Received a gift from Sif Muna
 16043 | D:12     | Reached skill level 10 in Spellcasting
 16068 | D:12     | Found a gateway to a bazaar.
 16068 | D:12     | Noticed an obsidian statue
 16078 | D:12     | Noticed Maurice
 16119 | D:12     | Found a frozen archway.
 16125 | IceCv    | Entered an ice cave
 16761 | D:11     | Noticed Harold
 16910 | D:11     | Noticed a six-headed hydra
 16917 | D:11     | HP: 1/54 [six-headed hydra (3)]
 16917 | D:11     | Mangled by a six-headed hydra

Skill      XL: |  1  2  3  4  5  6  7  8  9 10 11 |
---------------+----------------------------------+-----
Dodging        | 3 4 5 6 8 |  8.7
Conjurations   | 2 3 4 5 6 7 |  7.1
Stealth        | 3 4 5 6 8 |  8.7
Summonings     | 2 3 4 5 6 |  6.2
Spellcasting   | 5 6 8 9 10 | 10.0
Poison Magic   | 1 2 3 4 6 |  6.9
Fire Magic     | 1 2 3 5 |  5.6
Hexes          | 1 3 5 7 8 |  8.8
Translocations | |  1.1

Action                   |  1- 3 |  4- 6 |  7- 9 | 10-12 || total
-------------------------+-------+-------+-------+-------++-------
Melee: Short sword       |     1 |     1 |       |       ||     2
       Rapier            |       |    14 |    69 |    51 ||   134
 Cast: Magic Dart        |    62 |   199 |   543 |   657 ||  1461
       Mephitic Cloud    |       |     8 |    34 |    57 ||    99
       Call Imp          |       |     2 |       |       ||     2
       Blink             |       |     1 |     4 |    10 ||    15
       Conjure Flame     |       |       |    14 |    24 ||    38
       Summon Butterflie |       |       |     1 |     4 ||     5
       Slow              |       |       |       |     2 ||     2
       Invisibility      |       |       |       |     2 ||     2
       Repel Missiles    |       |       |       |     1 ||     1
Invok: Channel Energy    |       |       |    21 |    24 ||    45
       Forget Spell      |       |       |       |     1 ||     1
 Abil: Evoke Flight      |       |       |     1 |       ||     1
Evoke: Rod               |       |       |     3 |     8 ||    11
  Use: Scroll            |       |       |     5 |     9 ||    14
       Potion            |       |       |       |     3 ||     3
 Stab: Sleeping          |     1 |       |     2 |       ||     3
       Confused          |       |     2 |     7 |     2 ||    11
  Eat: Chunk             |     3 |    10 |     8 |    17 ||    38
       Bread ration      |       |       |     3 |       ||     3
       Fruit             |       |       |     2 |       ||     2
       Meat ration       |       |       |       |     2 ||     2
Armor: Robe              |     2 |    11 |    65 |    67 ||   145
Dodge: Dodged            |     2 |    41 |   122 |   195 ||   360
       Deflected         |       |       |       |     1 ||     1
